[Event "Blixt-SM 2025"]
[Site "Norrköping, Sweden"]
[Date "2025.09.26"]
[Round "7.3"]
[White "Sandberg, Lucas"]
[Black "Persson, Richard"]
[Result "0-1"]
[TimeControl "3 min + 2 sec/move"]
[BlackTitle "CM"]
[WhiteElo "2268"]
[BlackElo "2106"]

1. Nc3 d5 2. e4 d4 3.
Nce2 e5 4. d3 Be6 5. f4 f6 6. Nf3 Nc6 7. g3 Qd7 8. Bg2 O-O-O 9. O-O h5 10. f5 Bf7 11. a3 Nge7 12. b4 g6 13. fxg6 Nxg6 14.
b5 Nce7 15. a4 h4 16. Qe1 Bh6 17. Bxh6 Rxh6 18. Nxh4 Nxh4 19. gxh4 Be6 20. Ng3 Rxh4 21. Nf5 Rg4 22. h3 Rg6 23. Kh2 Rh8 24. Qf2 Bxf5 25. exf5 Rg5 26. Qf3 c6 27. bxc6 Qxc6 28. Qe2 Qc7 29. Rab1 Nc6 30. Rb5 e4+ 31. Kh1 Rg3 32. Qxe4 Qg7 33. Qe6+ Kd8 34. Qd6+ Kc8 35.
Qe6+ Kb8 36. Rxb7+ Qxb7 37. Qd6+ Qc7 0-1

[Event "Blixt-SM 2025"]
[Site "Norrköping, Sweden"]
[Date "2025.09.26"]
[Round "8.9"]
[White "Bohman Karlholm, Adrian"]
[Black "Sandberg, Lucas"]
[Result "1/2-1/2"]
[TimeControl "3 min + 2 sec/move"]
[WhiteElo "2102"]
[BlackElo "2268"]

1. d4 g6 2. c4 Bg7 3. Nf3 c5 4. d5 d6 5. g3 Nf6 6. Bg2 O-O 7. O-O b5 8. cxb5 a6 9. bxa6 Bxa6 10. Nc3 Nbd7 11. Qc2 Qa5 12.
Bd2 Rfb8 13. b3 Ng4 14. Rab1 Nge5 15. Nxe5 Nxe5 16. h3 Qc7 17. a4 Rb7 18. f4 Nd7 19. Rfe1 Rab8 20. e4 Bd4+ 21.
Kh2 h5 22. Ne2 Bf2 23. Rf1 Bxe2 24. Rxf2 Ba6 25. Bc3 Bc4 26. e5 Bxb3 27. Qd2 Bxa4 28. Rxb7 Qxb7 29. e6 Nf6 30. exf7+ Kxf7 31. f5 Rg8 32. fxg6+ Rxg6 33. Be4 Bb3 34. Bxg6+ Kxg6 35. Bxf6 exf6 36. Qc3 f5 37. g4 hxg4 38. hxg4 Qxd5 39. Rxf5 Qe6 40. Qh3 Qe2+ 41. Kg3 Qe1+ 42. Rf2 Qg1+ 43. Rg2 Qe3+ 44. Kh2 Qxh3+ 45. Kxh3 d5 46. Kg3 c4 47.
Kf4 c3 48. Ke5 c2 49. Rg1 Kg5 50. Rc1 Kxg4 51. Rxc2 Bxc2 52.
Kxd5 1/2-1/2

[Event "Blixt-SM 2025"]
[Site "Norrköping, Sweden"]
[Date "2025.09.26"]
[Round "10.5"]
[White "Smith, Axel"]
[Black "Karlsson, Stefan 2005"]
[Result "1-0"]
[TimeControl "3 min + 2 sec/move"]
[WhiteTitle "GM"]
[WhiteElo "2431"]
[BlackElo "2112"]

1. c4 g6 2. d4 Bg7 3.
e4 d6 4. Nc3 Nf6 5. Be2 O-O 6. Be3 a5 7. Nf3 Ng4 8. Bg5 h6 9. Bh4 Na6 10. h3 Nf6 11. O-O g5 12. Bg3 Nh5 13. Bh2 Nf4 14. Re1 e5 15. dxe5 dxe5 16. Bxf4 exf4 17. e5 c6 18. Ne4 Qb6 19.
Qc2 Be6 20. Rad1 Nc5 21. Nf6+ Bxf6 22. exf6 Nd7 23. h4 Qc5 24. hxg5 hxg5 25. Nd4 Nxf6 26. Nxe6 fxe6 27. Qg6+ Kh8 28. Qh6+ Nh7 29. Bd3 Rf7 30. Rxe6 Rd8 31. Rf6 Rxd3 32. Rxd3 Rxf6 33.
Rd8+ Rf8 34. Rd7 1-0

[Event "Blixt-SM 2025"]
[Site "Norrköping, Sweden"]
[Date "2025.09.26"]
[Round "2.6"]
[White "Grahn, Vidar"]
[Black "Fors, Klas"]
[Result "1-0"]
[TimeControl "3 min + 2 sec/move"]
[WhiteTitle "FM"]
[WhiteElo "2236"]
[BlackElo "2063"]

1. d4 Nf6 2. c4 e6 3. g3 d5 4. Bg2 Be7 5. Nf3 O-O 6. O-O c6 7. Nc3 b6 8. Ne5 Bb7 9. e4 Nbd7 10. Nxc6 Bxc6 11. exd5 exd5 12. cxd5 Bb7 13.
d6 Bxg2 14. dxe7 Qxe7 15. Kxg2 Rfe8 16. Be3 Rad8 17. Qf3 Nf8 18. Rad1 Qd7 19. Rfe1 Qg4 20. Qxg4 Nxg4 21. d5 h6 22.
Bf4 Nd7 23. Bc7 Rc8 24. d6 a6 25. Nd5 Kh7 26. Rxe8 Rxe8 27. Nxb6 Ngf6 28. Nxd7 Nxd7 29. Rd3 Re2 30. Rb3 Kg6 31. Kf3 Rc2 32. Ke3 Kf5 33. Ra3 Rxb2 34. Rxa6 Ke6 35. Ra8 Nf6 36. a4 Kd7 37. a5 Nd5+ 38.
Kf3 Nxc7 39. dxc7 Kxc7 40. Ra7+ Kd6 41. Rxf7 1-0

[Event "Blixt-SM 2025"]
[Site "Norrköping, Sweden"]
[Date "2025.09.26"]
[Round "4.2"]
[White "Religa, Marek"]
[Black "Olsson, Linus"]
[Result "1/2-1/2"]
[TimeControl "3 min + 2 sec/move"]
[BlackTitle "FM"]
[WhiteElo "2207"]
[BlackElo "2166"]

1. e4 c5 2. d4 cxd4 3. Qxd4 Nc6 4. Qd3 Nf6 5. Nc3 e6 6. Bf4 Bb4 7.
O-O-O O-O 8. Bd6 Bxd6 9. Qxd6 a6 10. f3 Qa5 11. f4 b5 12. e5 Ng4 13. Qd2 b4 14. Nb1 Qxa2 15. h3 Nh6 16. Bd3 a5 17. Nf3 a4 18. Ng5 a3 19. bxa3 bxa3 20.
Qc3 Bb7 21. Bc4 Qb2+ 22. Qxb2 axb2+ 23. Kxb2 Nf5 24. Rxd7 Na5 25.
Bd3 Bxg2 26. Rg1 Bc6 27. Rc7 Bd5 28. Nc3 Rab8+ 29. Kc1 Ba8 30. Nxe6 fxe6 31. Bxf5 Rxf5 32. Rgxg7+ Kf8 33. Rxh7 Kg8 34. Rcg7+ Kf8 35. Ra7 Kg8 36. Rhg7+ Kf8 37. Rh7 Kg8 38. Rhg7+ Kf8 39. Rh7 Kg8 1/2-1/2

[Event "Blixt-SM 2025"]
[Site "Norrköping, Sweden"]
[Date "2025.09.26"]
[Round "5.8"]
[White "Wernberg, Hugo"]
[Black "Stahlberg, Adam"]
[Result "1-0"]
[TimeControl "3 min + 2 sec/move"]
[WhiteTitle "FM"]
[WhiteElo "2285"]
[BlackElo "1911"]

1. g3 c6 2. Nf3 d5 3. Bg2 Nf6 4. c4 e6 5. b3 Be7 6. Bb2 O-O 7. O-O Nbd7 8. d4 Ne4 9. Nbd2 Nxd2 10. Qxd2 Nf6 11. Rfd1 Ne4 12. Qc2 Bd6 13. Ne5 Nf6 14.
Nd3 b6 15. f3 Bb7 16. e4 dxe4 17. fxe4 Ng4 18. Qe2 Nh6 19. Qh5 f6 20. Kh1 Qe8 21. Qe2 Rd8 22.
Rd2 Bc8 23. Rad1 Be7 24. Nf4 Bb4 25. Rd3 g5 26. Nh5 Qg6 27. e5 f5 28. d5 cxd5 29. cxd5 Ba6 30. Nf6+ Kh8 31. a3 Be7 32. d6 Bxf6 33. exf6 Rf7 34. Qxe6 Bxd3 35. Rxd3 Ng8 36. Bd5 Nh6 37. Bc6 Ng4 38. d7 Nf2+ 39. Kg2 Nxd3 40. Qe8+ Rf8 41. f7+ Qg7 42. Bxg7+ Kxg7 43. Qe7 Kg6 44. Bd5 Nc5 45. Qd6+ Kg7 46. Qe5+ Kg6 47. Qd6+ Kg7 48. Qe7 Kg6 49. Be6 h6 50.
g4 fxg4 51. Bxg4 Kg7 52. Qe5+ Kg6 53. Qd6+ Kg7 54. Bh5 Rxd7 55. Qg6+ Kh8 56. Qxh6# 1-0

[Event "Blixt-SM 2025"]
[Site "Norrköping, Sweden"]
[Date "2025.09.26"]
[Round "7.4"]
[White "Wernberg, Hugo"]
[Black "Religa, Marek"]
[Result "0-1"]
[TimeControl "3 min + 2 sec/move"]
[WhiteTitle "FM"]
[WhiteElo "2285"]
[BlackElo "2207"]

1. g3 g6 2. Bg2 Bg7 3. e4 c5 4. Ne2 Nc6 5. c3 e5 6. f4 d6 7. O-O h5 8. d3 h4 9. Nd2 hxg3 10. hxg3 Bg4 11. Nc4 Qd7 12.
b4 cxb4 13. cxb4 Nd4 14. Rf2 Nxe2+ 15. Rxe2 b5 16. Nb2 exf4 17. gxf4 Bd4+ 18. Kf1 Bh3 19. Qb3 Qg4 20. Qd5 Bxg2+ 21. Ke1 Bc3+ 22. Kd1 Rh1+ 23. Kc2 Qxe2+ 24. Kb3 Rc8 25. Qxb5+ Kf8 26. Nc4 Qxd3 27. Nxd6 Qxb5 0-1

[Event "Blixt-SM 2025"]
[Site "Norrköping, Sweden"]
[Date "2025.09.26"]
[Round "8.10"]
[White "Lindh, Fredrik"]
[Black "Sjoholm, Emil"]
[Result "1-0"]
[TimeControl "3 min + 2 sec/move"]
[WhiteTitle "FM"]
[WhiteElo "2249"]
[BlackElo "2062"]

1. e4 e5 2. Nf3 Nc6 3. Bb5 Nf6 4.
O-O Nxe4 5. d4 Nd6 6. dxe5 Nxb5 7. a4 Nbd4 8.
Nxd4 Nxd4 9. Qxd4 d5 10. Nc3 Be6 11. b4 b6 12. Ba3 Rc8 13. b5 Bxa3 14. Rxa3 O-O 15. f4 Bf5 16. Nxd5 Bxc2 17. f5 c5 18.
Qc4 Re8 19. Ne3 Bxa4 20. Rxa4 Rxe5 21. Ng4 Rd5 22. f6 Rd4 23. Qc2 g6 1-0

[Event "Blixt-SM 2025"]
[Site "Norrköping, Sweden"]
[Date "2025.09.26"]
[Round "10.6"]
[White "Muntean, Victor"]
[Black "Sandberg, Lucas"]
[Result "1-0"]
[TimeControl "3 min + 2 sec/move"]
[WhiteElo "2151"]
[BlackElo "2268"]

1. e4 c6 2. d4 g6 3. Nf3 d5 4. exd5 cxd5 5. Ne5 Nf6 6. c3 Bg7 7. Nd2 O-O 8. Ndf3 Nc6 9. Nxc6 bxc6 10. Bd3 Ne4 11. Qe2 Rb8 12. Bf4 Rb6 13. O-O Bf5 14. Nh4 e6 15. Nxf5 exf5 16. f3 Nd6 17. Qf2 Re8 18. Rfe1 Rxe1+ 19. Rxe1 Rb7 20. Qg3 Ne8 21. b4 a5 22. a3 axb4 23. axb4 Ra7 24. b5 c5 25. b6 Rb7 26. Bb5 Nf6 27. Bc7 Qa8 28. Bc6 cxd4 29. Bxb7 Qxb7 30. cxd4 h5 31. Qd6 Qa6 32. Qb4 Bf8 33. Bd6 Bxd6 34. Qxd6 Qa5 35. Rf1 1-0

[ePGN "0.1;DGT LiveChess/2.2.7"]

[Event "Blixt-SM 2025"]
[Site "Norrköping, Sweden"]
[Date "2025.09.26"]
[Round "1.1"]
[White "Ravik, Andreas"]
[Black "Seo, Jung Min"]
[Result "0-1"]
[TimeControl "3 min + 2 sec/move"]
[BlackTitle "IM"]
[WhiteElo "1992"]
[BlackElo "2480"]

1. e4 g6 2. d4 Bg7 3. Nf3 a6 4. c4 d6 5. Nc3 Bg4 6. Be2 Nc6 7. Be3 e5 8.
d5 Bxf3 9. Bxf3 Nd4 10. Bxd4 exd4 11. Ne2 Qf6 12. O-O Ne7 13. Qd2 O-O 14. Rfe1 c5 15. Nc1 b5 16. b3 Nc8 17. Nd3 Nb6 18.
cxb5 axb5 19. e5 dxe5 20.
Nxe5 Qd6 21. Nc6 Rae8 22. Rac1 Nxd5 23. Bxd5 Qxd5 24. Ne7+ Rxe7 25. Rxe7 c4 26. bxc4 bxc4 27. Rc7 c3 28. R7xc3 Qa5 29. R3c2 Qxd2 30. Rxd2 Bh6 31. Rcd1 Bxd2 32. Rxd2 Rc8 33. Kf1 Rc4 34. Ke2 Kg7 35. Kd3 Ra4 36.
Ke4 Kf6 37. f4 h5 38. h3 h4 39.
Rb2 Ke7 40. Rb7+ Ke6 41. Rb6+ Ke7 42. Rb7+ Kf6 43. Rb6+ Kg7 44. Rb2 Rc4 45. Rd2 Ra4 46. Rb2 Kh6 47. Rf2 f5+ 48. Kd3 Kg7 49. Rb2 Kf6 50. Rb6+ Kf7 51. Rb7+ Kf6 52. Rb6+ Kg7 53. Rb7+ Kh6 54. Rb2 g5 55. fxg5+ Kxg5 56. Rf2 Kf6 57. Rb2 Ke5 58. Rf2 Ra3+ 59. Kc4 Ke4 60.
Rd2 Rc3+ 61. Kb4 Ke3 62. Rb2 Rc8 63. a4 d3 64. a5 Rb8+ 65. Ka3 Rxb2 66. Kxb2 d2 67.
a6 d1=Q 0-1

[Event "Blixt-SM 2025"]
[Site "Norrköping, Sweden"]
[Date "2025.09.26"]
[Round "2.7"]
[White "Bergdahl, Daniel"]
[Black "Nygren, Kim"]
[Result "0-1"]
[TimeControl "3 min + 2 sec/move"]
[BlackTitle "CM"]
[WhiteElo "1864"]
[BlackElo "2173"]

1. e4 c5 2. Nf3 d6 3. c3 g6 4. Be2 Bg7 5. O-O Nd7 6.
d4 Ngf6 7. Bd3 O-O 8. Re1 Ne8 9.
Bc2 b5 10. Be3 cxd4 11. Nxd4 Ne5 12. Nxb5 Nc4 13. Nd4 Nxb2 14. Qe2 Bd7 15. Bc1 Na4 16. Bb3 Nc5 17. Bd5 Rc8 18. f4 e6 19.
Bb3 Qb6 20. Be3 Qb7 21. Nd2 Nxe4 22. Qf3 d5 23. Rac1 N8d6 24. Qe2 Nxc3 25. Qd3 Nce4 26. Rxc8 Rxc8 27. Nxe4 Nxe4 28. Nf3 Bb5 29.
Qd1 h6 30. Bd4 Bxd4+ 31. Qxd4 Qb6 32. Qxb6 axb6 33. Nd4 Bd7 34. g4 Kg7 35. f5 gxf5 36. gxf5 Kf6 37. fxe6 fxe6 38. Rf1+ Ke7 39. Re1 Rg8+ 40. Kf1 e5 41. Rxe4 Rf8+ 42. Ke2 dxe4 43. Nc2 Bb5+ 44. Ke3 Bd3 45. Nb4 Kd6 46. Nxd3 exd3 47. Kxd3 Rf3+ 48. Ke4 Rf4+ 49. Ke3 Rh4 0-1

[Event "Blixt-SM 2025"]
[Site "Norrköping, Sweden"]
[Date "2025.09.26"]
[Round "4.3"]
[White "Muntean, Victor"]
[Black "Nygren, Kim"]
[Result "0-1"]
[TimeControl "3 min + 2 sec/move"]
[BlackTitle "CM"]
[WhiteElo "2151"]
[BlackElo "2173"]

1. e4 c5 2. c3 g6 3. d4 Bg7 4. Nf3 Nf6 5. e5 Nd5 6. c4 Nc7 7. Be3 cxd4 8. Bxd4 Ne6 9. Nc3 Nc6 10. Be3 Nxe5 11.
Nxe5 Bxe5 12. Be2 Bxc3+ 13. bxc3 O-O 14. h4 Qa5 15. Qd2 b5 16. h5 bxc4 17. hxg6 fxg6 18.
Bxc4 Qe5 19. Kf1 Bb7 20. Bd4 Qg3 21. Rg1 Rac8 22. Bxe6+ dxe6 23. Rb1 Ba6+ 24. Ke1 Qg4 25. Qe3 Rf4 26.
f3 Qf5 27. g4 Qxb1+ 28. Kf2 Qxa2+ 29. Kg3 Rf7 30. Qe5 Rf6 31. Qe3 Bb7 32. Bxf6 exf6 33.
Rd1 Bd5 34. Rxd5 Qxd5 35. Qxa7 Qe5+ 36. Kh3 Rd8 37. c4 h5 38. gxh5 Qxh5+ 39. Kg3 Qg5+ 40. Kh3 Rf8 41. Qe7 Qf5+ 42. Kg3 e5 43. c5 Qf4+ 44.
Kf2 Qd4+ 45. Kg3 Rf7 46. Qe8+ Kg7 47. c6 Qf4+ 48. Kg2 e4 49. fxe4 Qe5 50. Qd8 Qxe4+ 0-1

[Event "Blixt-SM 2025"]
[Site "Norrköping, Sweden"]
[Date "2025.09.26"]
[Round "5.9"]
[White "Karlsson, Stefan 2005"]
[Black "Fors, Klas"]
[Result "1-0"]
[TimeControl "3 min + 2 sec/move"]
[WhiteElo "2112"]
[BlackElo "2063"]

1. d3 d5 2. Nf3 Nf6 3. g3 g6 4. Bg2 Bg7 5.
O-O O-O 6. c3 c5 7. Bf4 Nc6 8. Ne5 Nxe5 9. Bxe5 e6 10. c4 Bd7 11. cxd5 Nxd5 12. Bxg7 Kxg7 13. d4 cxd4 14. Qxd4+ Qf6 15. Rd1 Bc6 16.
Na3 Rfd8 17. e4 Nb6 18. Qb4 Rxd1+ 19. Rxd1 Rd8 20. Re1 Qd4 21. Qa5 Qd2 22. Qxd2 Rxd2 23. Rb1 e5 24. f3 Kf6 25. Bf1 Ke7 26. Nc4 Nxc4 27. Bxc4 b5 28. Bf1 b4 29. Bc4 a5 30. a3 Ba4 31. axb4 axb4 32. b3 Bd7 33. Ra1 Be6 34. Ra7+ Kf8 35. Bxe6 fxe6 36.
Rb7 Rd3 37. Rxb4 Rxf3 38. Kg2 Rc3 39. Rb7 h5 40. b4 Rb3 41. b5 Kg8 42. b6 g5 43. Kf2 g4 44. Ke2 Kh8 45. Rb8+ Kg7 46. b7 Kh7 47. Kd2 Kg7 48. Kc2 Rb6 49. Kd3 Rb1 50. Kc4 Kh7 51. Kc5 Kg7 52.
Kd6 Rb6+ 53. Kc7 Rb1 54. Rc8 Rc1+ 55. Kd6 1-0

[Event "Blixt-SM 2025"]
[Site "Norrköping, Sweden"]
[Date "2025.09.26"]
[Round "7.5"]
[White "Tadjerbashi, Amir"]
[Black "Muntean, Victor"]
[Result "1/2-1/2"]
[TimeControl "3 min + 2 sec/move"]
[WhiteElo "2235"]
[BlackElo "2151"]

1. e4 e5 2. Nf3 Nc6 3. d4 exd4 4. Bc4 Nf6 5. e5 d5 6. Bb5 Ne4 7. Nxd4 Bc5 8. Be3 O-O 9. Nxc6 bxc6 10.
Bxc5 Nxc5 11. Bxc6 Rb8 12. O-O Qe7 13. Nc3 Rd8 14. Nxd5 Qxe5 15. Re1 Qd6 16. Ne7+ Kh8 17. Qxd6 Rxd6 18. Nxc8 Rxc8 19. Bf3 g6 20. Rad1 Rcd8 21. Rxd6 Rxd6 22.
Re5 Ne6 23. g3 Rd2 24. Be4 Re2 25. Kf1 Rd2 26. Ke1 Rd7 27. c3 c5 28.
Bc2 Kg7 29. f4 Rb7 30. Bb3 c4 31. Bxc4 Rxb2 32. Bxe6 fxe6 33. Ra5 Rxh2 34. Rxa7+ Kf6 35. c4 Rc2 36. Rxh7 Rxc4 37.
Ra7 Kf5 38. Kf2 Kg4 39. Ra6 Rc2+ 40. Ke3 Rc1 41. Ke2 Kf5 42. a4 Ra1 43. Kf3 Ra3+ 44. Kg2 Kg4 45. Rxe6 Rxg3+ 46. Kh2 Rh3+ 47. Kg2 Rg3+ 48. Kh2 Rh3+ 49. Kg2 Rg3+ 50. Kh2 1/2-1/2

[ePGN "0.1;DGT LiveChess/2.2.7"]

[Event "Blixt-SM 2025"]
[Site "Norrköping, Sweden"]
[Date "2025.09.26"]
[Round "9.1"]
[White "Carlsson, Ludvig"]
[Black "Seo, Jung Min"]
[Result "0-1"]
[TimeControl "3 min + 2 sec/move"]
[WhiteTitle "IM"]
[BlackTitle "IM"]
[WhiteElo "2389"]
[BlackElo "2480"]

1. e4 c5 2. Nf3 d6 3. d4 cxd4 4. Nxd4 Nf6 5. Nc3 a6 6. Bg5 e6 7. Qf3 Nbd7 8. O-O-O Qc7 9. Bd3 Be7 10. Qg3 b5 11. Rhe1 Bb7 12.
a3 O-O 13. f4 Nc5 14. e5 dxe5 15. fxe5 Nd5 16. Bxh7+ Kxh7 17. Nxd5 Bxg5+ 18. Qxg5 Bxd5 19. Re3 f6 20. Qh5+ Kg8 21. Nf5 exf5 22. Rxd5 Rac8 23. Rc3 Qe7 24. Rh3 Qe6 25.
Qh7+ Kf7 26. Qh5+ Ke7 27. exf6+ Rxf6 28. Qd1 Ne4 29. Rhd3 Qc6 30.
Rd7+ Kf8 31. c3 Nf2 32. Rd8+ Rxd8 33. Rxd8+ Ke7 34. Qd2 Ne4 35. Qd4 Rd6 36. Rxd6 Qxd6 37. Qxg7+ Ke6 38. Qg6+ Nf6 39. h4 Qf4+ 40. Kc2 Qxh4 41. Qg7 Qg4 42. Qb7 Qe4+ 0-1

[Event "Blixt-SM 2025"]
[Site "Norrköping, Sweden"]
[Date "2025.09.26"]
[Round "10.7"]
[White "Lindh, Fredrik"]
[Black "Persson, Richard"]
[Result "1-0"]
[TimeControl "3 min + 2 sec/move"]
[WhiteTitle "FM"]
[BlackTitle "CM"]
[WhiteElo "2249"]
[BlackElo "2106"]

1. e4 c6 2. d4 d5 3. e5 Bf5 4.
Nd2 e6 5. Nb3 Nd7 6. Nf3 h6 7.
Be2 Ne7 8. O-O Bh7 9. Bd2 Ng6 10.
c4 dxc4 11. Na5 Qc7 12. Nxc4 Be7 13.
h4 O-O 14. h5 Nh4 15. Nxh4 Bxh4 16. Bb4 Rfe8 17. Bd6 Qd8 18. Qb3 Nb6 19. a4 Be7 20. Bxe7 Rxe7 21. Rfd1 Be4 22. Nd6 Bd5 23.
Qe3 Nc8 24. Ne4 Nb6 25. Bd3 Rd7 26. a5 Nc8 27. Bc2 Qh4 28. Nc5 Re7 29. Qd3 g6 30. hxg6 fxg6 31. Qxg6+ Kh8 32. Rd3 Qg5 33. Qxg5 hxg5 34. Rh3+ Kg8 35. Rg3 Rg7 36. Re1 b6 37. Ne4 Ne7 38. Nf6+ Kf7 39. axb6 axb6 40. Be4 Ra2 41. Bxd5 Nxd5 42. Rc1 Rxb2 43. Rxc6 Rb1+ 44. Kh2 Nxf6 45. Rc7+ Kg6 46. Rxg7+ Kxg7 47. exf6+ Kxf6 48. Rd3 Rb5 49. Kg3 Kf5 50. f3 Kf6 51. f4 Ke7 52. fxg5 Rxg5+ 53. Kf3 Kd6 54. Rb3 b5 55.
g4 Kc6 56. Kf4 Rd5 57. Ke4 Rg5 58. Kf4 Rd5 59. Rb4 Kb6 60.
g5 Ka5 61. Rb1 Rxd4+ 62. Ke5 Rg4 63. Kf6 b4 64. g6 Ka4 65. g7 e5 66. Re1 b3 67.
Rxe5 b2 68. Re8 b1=Q 1-0

[Event "Blixt-SM 2025"]
[Site "Norrköping, Sweden"]
[Date "2025.09.26"]
[Round "1.2"]
[White "Smith, Axel"]
[Black "Dingertz, Erik"]
[Result "1/2-1/2"]
[TimeControl "3 min + 2 sec/move"]
[WhiteTitle "GM"]
[WhiteElo "2431"]
[BlackElo "2112"]

1. c4 e6 2. Nc3 d5 3. d4 Nf6 4. cxd5 exd5 5. Bg5 Be7 6. e3 c6 7. Bd3 h6 8. Bh4 O-O 9. Nge2 Ne8 10. Bg3 Nd7 11. O-O Ndf6 12. f3 c5 13. Qd2 Nc7 14. dxc5 Bxc5 15. Na4 Be7 16. Nd4 Bd6 17. Bxd6 Qxd6 18.
Rac1 Be6 19. Rc2 Rac8 20. Rfc1 b6 21.
a3 Rfd8 22. Nc3 Nce8 23. Nce2 Qb8 24. Nf4 Nd6 25. Ndxe6 fxe6 26. Nxe6 Re8 27. Rxc8 Rxc8 28. Nd4 Nc4 29. Bxc4 dxc4 30. Kf2 Qe5 31. g3 a5 32. Qc3 Nd5 33. Qd2 Re8 34. Re1 Qc7 35. Nf5 Qc5 36.
Qd4 Nf6 37. Qxc5 bxc5 38. Rd1 Rb8 39. Rd2 Rb3 40. Nd6 c3 41. bxc3 Rxc3 42. a4 Ra3 43.
Nb7 Rxa4 44. Nxc5 Ra1 45. Nb3 Ra3 46. Nd4 Nd5 47.
e4 Nb4 48. Kg2 a4 49. e5 Kf7 50.
Nb5 Rb3 51. f4 a3 52. f5 a2 53. e6+ Kf6 54. Rd1 Nc6 55. Ra1 Rxb5 56. Rxa2
Rxf5 57. Re2 Ke7 58. Rc2 Nd4 59. Rc4 Nxe6 60. Ra4 Kf6 61. Ra6 g5 62.
Rb6 Re5 63. Ra6 Kf5 64. Kf3 Nd4+ 65. Kg2 h5 66. Ra4 Ne6 67. Kf3 g4+ 68. Kf2 Rb5 69. Ra2 Nd4 70. Kg2 Rc5 71. Rf2+ Kg5 72. h4+ Kg6 73. Rf8 Rc2+ 74. Kf1 Nf5 75. Kg1 Nxg3 76.
Rf6+ Kg7 77. Rf7+ Kg8 78. Rf8+ Kxf8 1/2-1/2

[Event "Blixt-SM 2025"]
[Site "Norrköping, Sweden"]
[Date "2025.09.26"]
[Round "2.8"]
[White "Berovski, Krum"]
[Black "Angskog, Kent"]
[Result "1-0"]
[TimeControl "3 min + 2 sec/move"]
[WhiteElo "2344"]
[BlackElo "2118"]

1. d4 Nf6 2. c4 a6 3. Nf3 c5 4. d5 b5 5. b3 d6 6. a4 bxc4 7. bxc4 g6 8. Bb2 Bg7 9. Nbd2 O-O 10.
a5 Bf5 11. Nh4 Bc8 12. g3 e6 13. Bg2 exd5 14. cxd5 Ra7 15. O-O Rb7 16. Bc3 Bd7 17. Rb1 Rxb1 18. Qxb1 Bb5 19. Re1 Re8 20. e4 Nbd7 21. f4 Ng4 22.
Bxg7 Kxg7 23. h3 Ngf6 24. Qa1 Kg8 25. e5 Nh5 26. e6 Ndf6 27. Kh2 fxe6 28. dxe6 d5 29. f5 g5 30. Nhf3 g4 31. Ne5 gxh3 32. Bxh3 Qd6 33.
Ndf3 d4 34. Rg1 1-0

[Event "Blixt-SM 2025"]
[Site "Norrköping, Sweden"]
[Date "2025.09.26"]
[Round "4.4"]
[White "Berovski, Krum"]
[Black "Tornberg, Carlos"]
[Result "1-0"]
[TimeControl "3 min + 2 sec/move"]
[WhiteElo "2344"]
[BlackElo "2053"]

1. d4 Nf6 2. c4 e6 3.
Nc3 d5 4. cxd5 exd5 5. Bg5 c6 6. e3 Bd6 7. Bd3 O-O 8. Qc2 h6 9. Bh4 Re8 10. Nge2 a5 11. Bg3 Na6 12. a3 Nc7 13. O-O Nh5 14. Bxd6 Qxd6 15. e4 dxe4 16. Nxe4 Qd8 17.
Nc5 Nd5 18. Rae1 b6 19. Ne4 Bb7 20. Bc4 Ndf4 21. Nxf4 Nxf4 22. Qb3 Qc7 23. g3 Nh3+ 24. Kg2 b5 25. Bxf7+ Qxf7 26. Qxf7+ Kxf7 27. Nd6+ Kg6 28. Rxe8 Rxe8 29.
Nxe8 Ng5 30. Nd6 Ba8 31.
Rd1 Kf6 32. f4 Ne6 33. Ne4+ Ke7 34. Nc5 Nc7 35. Kf3 Nd5 36.
Re1+ Kf7 37. Re5 b4 38. axb4 axb4 39. f5 Kf6 40. g4 Kf7 41. h4 Nc7 42. g5 hxg5 43. hxg5 Nb5 44. Ke3 Nd6 45.
Kf4 Bb7 46. g6+ Kf8 47. Re6 1-0

[Event "Blixt-SM 2025"]
[Site "Norrköping, Sweden"]
[Date "2025.09.26"]
[Round "5.10"]
[White "Bergdahl, Martin"]
[Black "Muntean, Victor"]
[Result "0-1"]
[TimeControl "3 min + 2 sec/move"]
[WhiteElo "1954"]
[BlackElo "2151"]

1. e4 e5 2. Nf3 Nc6 3. Bb5 a6 4.
Ba4 f5 5. d3 fxe4 6. dxe4 Nf6 7. O-O d6 8. Nc3 Be7 9. Bb3 Na5 10. Re1 Nxb3 11.
axb3 O-O 12. Nd5 c6 13. Nxe7+ Qxe7 14. Bg5 h6 15. Bh4 Bg4 16. Qd3 Qe6 17. Rad1 Rad8 18. Bg3 Nh5 19. Re3 Nf4 20.
Bxf4 Rxf4 21. Qc4 d5 22. exd5 Rxc4 23. dxe6 Rxd1+ 24. Ne1 Bxe6 25. bxc4 Bxc4 26. h3 a5 27. Rxe5 a4 28. Kh2 Rb1 29.
Nf3 Rxb2 30. Nd4 a3 31. Ra5 a2 32. Ra8+ Kf7 33. Ra7 Rb1 0-1

[Event "Blixt-SM 2025"]
[Site "Norrköping, Sweden"]
[Date "2025.09.26"]
[Round "7.6"]
[White "Olsson, Linus"]
[Black "Bohman Karlholm, Adrian"]
[Result "1-0"]
[TimeControl "3 min + 2 sec/move"]
[WhiteTitle "FM"]
[WhiteElo "2166"]
[BlackElo "2102"]

1. d4 Nf6 2. c4 b6 3. Nc3 Bb7 4. e3 e6 5. f3 d5 6. Bd3 c5 7. Nge2 Nc6 8. O-O cxd4 9.
exd4 Be7 10. Be3 O-O 11. a3 Rc8 12. cxd5 Nxd5 13. Bf2 Bf6 14. Ne4 Be7 15. Rc1 g6 16. Qa4 a6 17. b4 b5 18. Qb3 Qd7 19. Rfd1 Rfd8 20. Bb1 Nf6 21. Nc5 Bxc5 22. dxc5 Qe7 23.
Bh4 Kg7 24. Qb2 h6 25. f4 Rxd1+ 26. Rxd1 Rd8 27. Rd6 g5 28.
fxg5 1-0

[Event "Blixt-SM 2025"]
[Site "Norrköping, Sweden"]
[Date "2025.09.26"]
[Round "9.2"]
[White "Karlsson, Stefan 2005"]
[Black "Olsson, Linus"]
[Result "0-1"]
[TimeControl "3 min + 2 sec/move"]
[BlackTitle "FM"]
[WhiteElo "2112"]
[BlackElo "2166"]

1. d3 c5 2. g3 Nc6 3. Bg2 g6 4. Nd2 Bg7 5. e4 e6 6. Nh3 Nge7 7. O-O O-O 8. c3 Rb8 9. a4 a6 10. Nb3 d6 11. d4 cxd4 12. cxd4 b5 13. axb5 Rxb5 14. Be3 Qc7 15. Re1 Qb8 16.
Ra3 Bd7 17. Bf1 Rb4 18. Bxa6 e5 19. d5 Nd4 20. Nxd4 exd4 21. Bc1 Bxh3 22. g4 d3 23. Rxd3 Qb6 24. Ra3 Bxb2 25. Bxb2 Rxb2 26. Be2 Bxg4 27. Bxg4 Qxf2+ 0-1

[Event "Blixt-SM 2025"]
[Site "Norrköping, Sweden"]
[Date "2025.09.26"]
[Round "10.8"]
[White "Bohman Karlholm, Adrian"]
[Black "Wernberg, Hugo"]
[Result "1/2-1/2"]
[TimeControl "3 min + 2 sec/move"]
[BlackTitle "FM"]
[WhiteElo "2102"]
[BlackElo "2285"]

1. d4 Nf6 2. c4 c5 3. d5 b5 4.
cxb5 a6 5. bxa6 Bxa6 6. Nc3 d6 7. Nf3 g6 8. g3 Nbd7 9. Bg2 Nb6 10. b3 Bg7 11. Rb1 O-O 12. O-O Bb7 13. e4 e6 14.
dxe6 fxe6 15. Re1 Re8 16. Bf4 Nh5 17.
Bd2 d5 18. exd5 exd5 19. Rxe8+ Qxe8 20.
a4 Qf7 21. Nb5 Bc6 22. Ng5 Qf6 23. Qf3 Re8 24. Qxf6 Nxf6 25. Be3 Bxb5 26. axb5 Nbd7 27. Bf4 h6 28. Nf3 g5 29. Bc7 Ne4 30. b6 Nc3 31. Re1 Rf8 32. Re7 Nxb6 33. Bxb6 Rc8 34. Rc7 Rb8 35.
Rc6 d4 36. Bxc5 Rxb3 37. Bxd4 Rb1+ 38. Bf1 Ne2+ 39. Kg2 Nxd4 40. Nxd4 Bxd4 41. Rc2 Rb2 42. Rxb2 Bxb2 43. Kf3 Kg7 44. Kg4 Bd4 45.
f3 Be5 46. Bd3 Bb8 47. f4 gxf4 48. gxf4 Bc7 49. h4 Bd8 50. h5 Bf6 51. Kf5 Bd4 52. Ke6 Bf6 1/2-1/2

[Event "Blixt-SM 2025"]
[Site "Norrköping, Sweden"]
[Date "2025.09.26"]
[Round "1.3"]
[White "Norager, Mattias"]
[Black "Carlsson, Ludvig"]
[Result "0-1"]
[TimeControl "3 min + 2 sec/move"]
[BlackTitle "IM"]
[WhiteElo "1802"]
[BlackElo "2389"]

1. d4 d5 2. c4 e5 3. cxd5 Qxd5 4. e3 exd4 5. Nc3 Bb4 6. Nf3 dxc3 7. Qxd5 cxb2+ 8. Nd2 Bxd2+ 9. Qxd2 bxa1=Q 10. Bc4 Qf6 11. O-O Ne7 12. Bb2 Qg6 13. Bd3 Bf5 14. e4 Be6 15. f4 f5 16. Re1 Nbc6 17. exf5 Bxf5 18. Bc4 Qd6 0-1

[Event "Blixt-SM 2025"]
[Site "Norrköping, Sweden"]
[Date "2025.09.26"]
[Round "2.9"]
[White "Eriksson, Kristian"]
[Black "Wernberg, Hugo"]
[Result "0-1"]
[TimeControl "3 min + 2 sec/move"]
[BlackTitle "FM"]
[WhiteElo "2033"]
[BlackElo "2285"]

1. e4 c5 2. Nf3 d6 3. d4 cxd4 4. Nxd4 Nf6 5. Nc3 a6 6.
Bc4 e6 7. O-O Nbd7 8. Bxe6 fxe6 9. Nxe6 Qa5 10. Nd5 Kf7 11. Bd2 Qa4 12. Re1 Ne5 13. Ng5+ Kg8 14. Bc3 Qc6 15. f4 Ned7 16.
Bxf6 Nxf6 17. Kh1 h6 18. Nf3 Bg4 19. Qd4 Nxd5 20. exd5 Qc5 21. Qxc5 dxc5 22. Ne5 Bf5 23. c4 Bd6 24. Rad1 Kf8 25. g4 Bh7 26.
Nd7+ Kf7 27. Ne5+ Bxe5 28. fxe5 Ke7 29. e6 Rad8 30. Rf1 Rhf8 31. b3 Be4+ 32.
Kg1 Bf3 33. Rd2 Bxg4 34. d6+ Kxe6 35.
Rxf8 Rxf8 36. Kg2 Kd7 37. Kg3 Be6 0-1

[Event "Blixt-SM 2025"]
[Site "Norrköping, Sweden"]
[Date "2025.09.26"]
[Round "4.5"]
[White "Stahlberg, Adam"]
[Black "Tadjerbashi, Amir"]
[Result "0-1"]
[TimeControl "3 min + 2 sec/move"]
[WhiteElo "1911"]
[BlackElo "2235"]

1. d4 d5 2. c4 e6 3. cxd5 exd5 4. Nc3 c6 5. Nf3 Nf6 6. Bg5 Be7 7. e3 Bf5 8.
Bd3 Bxd3 9. Qxd3 Nbd7 10. O-O O-O 11. a3 a5 12.
Rab1 Ne4 13. Bxe7 Qxe7 14. Rfc1 Nd6 15. Nd2 a4 16. b3 axb3 17. Rxb3 b5 18. h3 Nc4 19. a4 bxa4 20. Rb7 Nxd2 21. Qxd2 Qd6 22. Qc2 a3 23.
Na2 Rfc8 24. Nb4 c5 25. dxc5 Rxc5 26.
Qd1 Rxc1 27. Qxc1 a2 28. Nxa2 Rxa2 29. Qc8+ Nf8 30. g3 Qf6 0-1

[ePGN "0.1;DGT LiveChess/2.2.7"]